 Dungeon Crawl Stone Soup version 0.15.2 (webtiles) character file.

346 Amnesiac the Insei (level 6, -5/47 HPs)
             Began as a Mummy Monk on Mar 27, 2018.
             Slain by an ogre
             ... wielding a +0 giant club
              (31 damage)
             ... on Level 3 of the Dungeon.
             The game lasted 00:09:37 (5625 turns).

Amnesiac the Insei (Mummy Monk)                     Turns: 5625, Time: 00:09:38

HP  -5/47        AC  3     Str 16      XL: 6   Next: 32%
MP   6/6         EV 13     Int  9      God:
Gold 220         SH  0     Dex 16      Spells:  0 memorised,  5 levels left

rFire  . . .     SeeInvis .       - Unarmed
rCold  . . .     Clarity  .     (no armour)
rNeg   + + +     rCorr    .     (no shield)
rPois  +         rRot     +     (no helmet)
rElec  .         Spirit   .     (no cloak)
SustAb .         Warding  .     (no gloves)
rMut   .         Stasis   .     h - +2 pair of boots
Gourm  .                        (no amulet)
MR     .....                    c - ring of fire
                                i - +2 ring of strength

@: not resistant to hostile enchantments, unstealthy
A: no food or potions, fire vulnerability, restore body, cold resistance 1,
negative energy resistance 3, poison resistance, torment resistance, unbreathing
a: no special abilities


You were on level 3 of the Dungeon.
You were not hungry.

You visited 1 branch of the dungeon, and saw 5 of its levels.

You collected 220 gold pieces.

Inventory:

Armour
 h - a +2 pair of boots (worn)
Comestibles
 b - 2 beef jerkies (quivered)
 j - a meat ration
Scrolls
 a - a scroll of remove curse
 d - a scroll of teleportation
 e - 2 scrolls of fear
 f - 2 scrolls of magic mapping
 k - a scroll of blinking
 l - a scroll of identify
 m - a scroll of immolation
Jewellery
 c - a ring of fire (right hand)
 g - an uncursed ring of flight
 i - a +2 ring of strength (left hand)


   Skills:
 - Level 3.0 Fighting
 - Level 2.4 Dodging
 - Level 1.5 Stealth
 + Level 6.4 Unarmed Combat


You had 5 spell levels left.
You didn't know any spells.

Dungeon Overview and Level Annotations

Branches:
Dungeon (5/15)             Temple (0/1) D:4

Altars:
Nemelex Xobeh
Xom

Annotations:
D:4 Grinder; glosham's ghost, average OgAM


Innate Abilities, Weirdness & Mutations

You do not eat or drink.
Your flesh is vulnerable to fire.
Your flesh is cold resistant.
You are immune to negative energy.
Your system is resistant to poisons.
You are immune to unholy pain and torment.
You can survive without breathing.


Message History

The ogre is lightly wounded.
The ogre hits you with a giant club!!
You hit the ogre.
The ogre is moderately wounded.
You hit the ogre.
The ogre is moderately wounded.
The ogre barely misses you.
You barely miss the ogre.
The ogre is moderately wounded.
The ogre barely misses you.
You barely miss the ogre.
The ogre is moderately wounded.
You hit the ogre.
The ogre is moderately wounded.
The ogre closely misses you.
You hit the ogre but do no damage.
The ogre is moderately wounded.
The ogre hits you with a giant club!!
Ouch! That really hurt!
You die...

..#....###..#..## ###.###.....
#.#....# ##.....## #...# ###.#.
#......####......#####.### #...
###............!.......# #...
##.........#....####### #)..
#.....>...........###########...
#.....#....##.....).............
##%....###..............[...##.#.
.......# #.....<@....######.##.#.
#############..O...#..##.........
......................(..........
.................................
.##########.##...................
.# #.#.................... .#
#.#.............(...... .#
#.#....###............. .###
#.#......#.............


You could see an ogre.

Vanquished Creatures
  An ogre (D:4)
  A goliath beetle (D:3)
  A hound (D:3)
  A worker ant (D:4)
  8 adders
  5 worms
  A giant gecko (D:2)
  2 oozes
  A ball python (D:4)
  9 bats
  8 giant cockroaches
  7 goblins
  8 hobgoblins
  4 quokkas
  3 giant newts
  6 jackals
  9 kobolds
  An orc skeleton (D:4)
  5 rats
81 creatures vanquished.

Notes
Turn   | Place    | Note
--------------------------------------------------------------
     0 | D:1      | Amnesiac, the Mummy Monk, began the quest for the Orb.
     0 | D:1      | Reached XP level 1. HP: 18/18 MP: 1/1
   159 | D:1      | Reached XP level 2. HP: 6/24 MP: 2/2
   927 | D:2      | Reached skill level 4 in Unarmed Combat
  1326 | D:2      | Reached XP level 3. HP: 29/29 MP: 3/3
  2143 | D:3      | Reached XP level 4. HP: 19/35 MP: 4/4
  2865 | D:3      | Reached skill level 5 in Unarmed Combat
  3512 | D:4      | Noticed an ogre
  3580 | D:4      | Reached XP level 5. HP: 24/41 MP: 5/5
  3597 | D:4      | Found a shimmering altar of Xom.
  4053 | D:4      | Noticed glosham's ghost (average OgAM)
  4526 | D:4      | Found a sparkling altar of Nemelex Xobeh.
  4816 | D:4      | Found a staircase to the Ecumenical Temple.
  4865 | D:4      | Noticed Grinder
  4905 | D:5      | Entered Level 5 of the Dungeon
  5161 | D:4      | Noticed an ogre
  5172 | D:4      | Killed an ogre
  5172 | D:4      | Reached skill level 6 in Unarmed Combat
  5172 | D:4      | Reached XP level 6. HP: 5/47 MP: 6/6
  5625 | D:3      | Slain by an ogre

Action                   |  1- 3 |  4- 6 || total
-------------------------+-------+-------++-------
Melee: Unarmed           |   200 |   288 ||   488
  Use: Scroll            |     4 |     5 ||     9
 Stab: Sleeping          |     1 |     4 ||     5
       Distracted        |       |     1 ||     1
